 Dungeon Crawl Stone Soup version bcrawl-1.13.2 (webtiles) character file.

Game seed: 14170620817647420190

144 Felnil the Shield-Bearer (level 5, -3/33 HPs)
             Began as a Skeleton Fighter on Aug 10, 2019.
             Slain by Grinder (5 damage)
             ... on level 3 of the Dungeon.
             The game lasted 00:05:16 (2396 turns).

Felnil the Shield-Bearer (Skeleton Fighter)         Turns: 2396, Time: 00:05:17

Health: -3/33      AC:  7    Str: 22 (23) XL:     5   Next: 5%
Magic:  0/5        EV:  8    Int:  7      God:
Gold:   100        SH:  9    Dex:  8      Spells: 4/4 levels left

rFire    . . .     SeeInvis .   a - +0 rapier
rCold    + . .     Gourm    .   c - +0 shield
rNeg     + + +     Faith    .   b - +0 scale mail
rPois    ∞         Spirit   +   (no helmet)
rElec    .         Reflect  .   (no cloak)
rCorr    .         Harm     .   (no gloves)
MR       .....                  (no boots)
Stlth    ..........             (no amulet)
HPRegen  0.11/turn              i - ring of wizardry
MPRegen  0.09/turn              (no ring)

@: no status effects
A: no food or potions, cold resistance 1, deterioration 1, negative energy
resistance 3, torment resistance, unbreathing, magic shield, sturdy frame 1,
spell healing
a: no special abilities


You were on level 3 of the Dungeon.
You were not hungry.

You visited 1 branch of the dungeon, and saw 3 of its levels.

You collected 100 gold pieces.

Inventory:

Hand Weapons
 a - a +0 rapier (weapon)
Armour
 b - a +0 scale mail (worn)
 c - a +0 shield (worn)
Jewellery
 i - a ring of wizardry (left hand)
Scrolls
 e - 3 scrolls of enchant weapon {unknown}
 g - a scroll of fog {unknown}
 h - 2 scrolls of identify {unknown}


   Skills:
 + Level 4.1 Fighting
 - Level 2.4 Short Blades
 + Level 4.5 Armour
 + Level 5.0 Shields


You had 4 spell levels left.
You didn't know any spells.
Your spell library was empty.

Dungeon Overview and Level Annotations

Branches:
Dungeon (3/12)

Altars:
Gozag
Makhleb

Annotations:
D:3 Grinder, Sigmund


Innate Abilities, Weirdness & Mutations

You do not eat or drink.
You are immune to poison.
Your flesh is cold resistant. (rC+)
Your body sometimes deteriorates upon taking damage.
You are immune to negative energy. (rN+++)
You are immune to unholy pain and torment.
You can survive without breathing.
When hurt, damage is shared between your health and your magic reserves.
Your movements are slightly less encumbered by armour. (ER -2)
Casting spells heals you.


Message History

Grinder is moderately wounded.
Grinder closely misses you.
You closely miss Grinder.
Grinder is moderately wounded.
You block Grinder's attack.
Sigmund the Dreaded comes into view.
He is wielding a +0 scythe.
Sigmund shouts!
Grinder says, "My boss said I was rubbish.
His entrails said otherwise."
Sigmund barely misses you. Grinder closely misses you.
Sigmund points at you and mumbles some strange words.
The puff of flame hits you!
* * * LOW HITPOINT WARNING * * *
Grinder says, "You look like you could use a good racking."
Sigmund gestures wildly while chanting.
Sigmund flickers and vanishes!
Deactivating autopickup; reactivate with Ctrl-A.
There is a stone staircase leading down here.
You can't go up here!
Grinder hits you.
You die...

..# ..# #.# #.# # ..#
#######.# #######
##.....#.# ......#
#........#
.####.#######.....####.#
)####.#.....w..5@.......
†........####.########.#
.........## #.#
..........# #.#
..........# #.#
..........# #.#
..........# #..
........w.# ### ######
..........######.....#


You could see Grinder and a worm.

Vanquished Creatures
  A bullfrog (D:3)
  An adder (D:3)
  4 worms
  7 leopard geckos
  An orc (D:3)
  3 giant cockroaches
  A goblin (D:3)
  8 hobgoblins
  9 kobolds
  A quokka (D:2)
  4 bats
  2 frilled lizards (D:2)
  4 rats
46 creatures vanquished.

Notes
Turn   | Place    | Note
-------+----------+-------------------------------------------
     0 | D:1      | Felnil the Skeleton Fighter began the quest for the Orb.
     0 | D:1      | Reached XP level 1. HP: 14/14 MP: 1/1
   153 | D:1      | Reached XP level 2. HP: 19/19 MP: 2/2
   441 | D:1      | Reached skill level 4 in Shields
   619 | D:1      | Reached XP level 3. HP: 23/23 MP: 3/3
  1008 | D:2      | Found an opulent altar of Gozag.
  1441 | D:2      | Found a burning altar of Makhleb.
  1769 | D:3      | Noticed a hippogriff
  1790 | D:3      | Noticed Grinder
  2071 | D:3      | Noticed a bullfrog
  2079 | D:3      | Killed a bullfrog
  2079 | D:3      | Reached XP level 4. HP: 18/29 MP: 2/4
  2315 | D:3      | Reached XP level 5. HP: 29/33 MP: 5/5
  2321 | D:3      | Reached skill level 5 in Shields
  2351 | D:3      | Paralysed by Grinder for 4 turns
  2391 | D:3      | Noticed Sigmund
  2393 | D:3      | HP: 1/33 [Sigmund/puff of flame (8)]
  2396 | D:3      | Slain by Grinder

Skill      XL: |  1  2  3  4  5 |
---------------+----------------+-----
Shields        | 4 5 |  5.0
Armour         | 4 |  4.5
Fighting       | 4 |  4.1
Short Blades   | |  2.4

Action                   |  1- 3 |  4- 6 || total
-------------------------+-------+-------++-------
Melee: Rapier            |   169 |    28 ||   197
  Use: Scroll            |     2 |       ||     2
Armor: Scale mail        |    50 |    11 ||    61
Dodge: Dodged            |    57 |    10 ||    67
Block: Shield            |    73 |     7 ||    80
